 Dungeon Crawl Stone Soup version 0.19-a0-1035-gdbfb0c6 (webtiles) character file.

32 poirepourri the Ruffian (level 3, -4/28 HPs)
             Began as a Draconian Transmuter on July 29, 2016.
             Slain by a shadow imp (5 damage)
             ... summoned by Natasha
             ... on level 2 of the Dungeon.
             The game lasted 00:02:01 (1269 turns).

poirepourri the Ruffian (Draconian Transmuter)      Turns: 1269, Time: 00:02:02

Health: -4/28      AC:  5    Str: 12    XL:     3   Next: 10%
Magic:  5/6        EV: 12    Int: 14    God:
Gold:   41         SH:  0    Dex: 11    Spells: 1 memorised, 6 levels left

rFire  . . .     SeeInvis .       - Unarmed
rCold  . . .     Gourm    .     (armour unavailable)
rNeg   . . .     Faith    .     (no shield)
rPois  .         Spirit   .     (helmet restricted)
rElec  .         Dismiss  .     (no cloak)
rCorr  .         Reflect  .     (no gloves)
SustAt .         Harm     .     (boots currently unavailable)
MR     .....                    (no amulet)
Stlth  +.........               (no ring)
                                (no ring)

@: appendage (expiring), slowed, very slow, not resistant to hostile
enchantments, very unstealthy
A: unfitting armour, talons 3, cold-blooded, AC +5
a: End Transformation


You were on level 2 of the Dungeon.
You were not hungry.
You had grown temporary talons.
You visited 1 branch of the dungeon, and saw 2 of its levels.

You collected 41 gold pieces.

Inventory:

Missiles
 a - 12 arrows
Jewellery
 e - an uncursed ring of protection from cold {unknown}
Wands
 c - a wand of acid (8/15)
Scrolls
 g - a scroll of teleportation {unknown}
Potions
 d - 2 potions of curing {unknown}
 f - a potion of mutation {unknown}
 h - a potion of flight {unknown}
 i - a potion of haste {unknown}
Books
 b - a book of Changes

   Spells                             Type                      Level
   a - Beastly Appendage              Transmutation                1
   b - Sticks to Snakes               Transmutation                2
   c - Spider Form                    Transmutation/Poison         3
   d - Ice Form                       Ice/Transmutation            4
   e - Blade Hands                    Transmutation                5


   Skills:
 + Level 1.1 Fighting
 - Level 1.7 Dodging
 - Level 0.2 Stealth
 + Level 3.7 Unarmed Combat
 + Level 2.5 Spellcasting
 + Level 2.1 Transmutations


You had 6 spell levels left.
You knew the following spells:

 Your Spells              Type           Power        Failure   Level  Hunger
a - Beastly Appendage     Tmut           #.....       12%         1    #......


Dungeon Overview and Level Annotations

Branches:
Dungeon (2/15)

Altars:
Dithmenos
Makhleb
Qazlal

Annotations:
D:2 1 runed door, Ijyb, Natasha


Innate Abilities, Weirdness & Mutations

Your plain brown scales are hard. (AC +5)
Your body does not fit into most forms of armour.
You are cold-blooded and may be slowed by cold attacks.
You have claws for feet.


Message History

The bat closely misses you.
You hit Natasha.
Natasha is heavily wounded.
The bat hits you but does no damage. Natasha closely misses you.
You miss Natasha.
Natasha is heavily wounded.
The bat barely misses you. Natasha closely misses you.
Natasha barely misses you.
Ijyb screams, "Get away!"
You hit Natasha but do no damage. Your kick misses Natasha.
Natasha is heavily wounded.
The bat closely misses you.
Natasha mumbles some strange words.
You hit Natasha.
Natasha is severely wounded.
The bat hits you but does no damage. The bat closely misses you.
Natasha claws you.
* * * LOW HITPOINT WARNING * * *
The shadow imp hits you.
You die...

##...#.
##.######.##.. #
..... #.# #.....
...###.#.# #.#
####.#
.......#.## #.#
#.# #.g..)# #.#
#.# #...#g### #.#
#.# .......#b..#
#.# #.#
#.##.#####h# #.#
#.# # #.
#5@b###.# ####.#
...#.#.####..###
#....#
##.............#
#.##.#
#.##.#####.##.#
#.##.. #. #.##.#
###### #. #.##.#
##> #.
###.##.##### 8..
#.
#...........##...
#.
#.##.#...####8...


You could see Natasha, a shadow imp and a bat.

Vanquished Creatures
  A gnoll (D:1)
  A dart slug (D:1)
  A ball python (D:1)
  2 goblins (D:2)
  3 hobgoblins (D:1)
  4 jackals (D:1)
  4 kobolds (D:1)
  A bat (D:1)
  A giant newt (D:1)
  A rat (D:1)
19 creatures vanquished.

Notes
Turn   | Place    | Note
-------+----------+-------------------------------------------
     0 | D:1      | poirepourri the Draconian Transmuter began the quest for the Orb.
     0 | D:1      | Reached XP level 1. HP: 16/16 MP: 3/3
    74 | D:1      | Reached XP level 2. HP: 12/23 MP: 3/5
   804 | D:1      | Reached XP level 3. HP: 25/28 MP: 4/6
  1008 | D:2      | Found a stormy altar of Qazlal.
  1049 | D:2      | Found a shadowy altar of Dithmenos.
  1142 | D:2      | Found a runed door.
  1169 | D:2      | Found a burning altar of Makhleb.
  1169 | D:2      | Noticed a blizzard demon
  1240 | D:2      | Noticed Natasha
  1242 | D:2      | Noticed Ijyb
  1269 | D:2      | HP: 1/28 [Natasha (6)]
  1269 | D:2      | Slain by a shadow imp

Vault maps used:
D:1:      lightli_iron_boxes
D:2:      nicolae_overflow_hidden_temple, grunt_temple_overflow_open,
          minivault_14, st_stairs_4, grunt_ministairs_7,
          makhleb_altar_promises_db, uniq_natasha, uniq_crazy_yiuf_cottage,
          uniq_iyjb

Action                   || total
-------------------------++-------
Melee: Unarmed           ||    84
       Tailslap          ||    12
       Kick              ||    13
       Headbutt          ||     3
       Punch             ||     1
 Cast: Beastly Appendage ||    14
  Eat: Bread ration      ||     1
Armor: Skin              ||    41
Dodge: Dodged            ||    75
